 Dungeon Crawl Stone Soup version 0.32-a0-918-g0f22ef8d61 (webtiles) character file.

Game seed: 16866644126839465559

4025 knightboat the Fighter (level 10, -1/83 (91) HPs)
             Began as a Mountain Dwarf Earth Elementalist on Apr 12, 2024.
             Was an Elder of Zin.
             Slain by a wight
             ... wielding a +5 halberd of freezing
              (2 damage)
             ... on level 8 of the Dungeon.
             The game lasted 00:13:36 (7626 turns).

knightboat the Fighter (MDEE)                       Turns: 7626, Time: 00:13:37

HP:   -1/83 (91)    AC: 13    Str: 13    XL:     10   Next: 4%
MP:   9/16          EV:  3    Int: 24    God:    Zin [****..]
Gold: 435           SH:  0    Dex: 10    Spells: 12/17 levels left

rFire   . . .        M - +3 morningstar
rCold   . . .        (no shield)
rNeg    + . .        H - +0 plate armour
rPois   .            o - +0 helmet
rElec   .            (no cloak)
rCorr   .            (no gloves)
SInv    .            (no boots)
Will    +....        r - amulet of magic regeneration Stlth
                     Q - ring of positive energy
HPRegen 0.33/turn    h - +6 ring of intelligence
MPRegen 0.55/turn

%: no passive effects
@: drained
A: runic magic, artefact enchanting
a: Renounce Religion, Recite, Vitalisation, Imprison, Donate Gold


You were on level 8 of the Dungeon.
You worshipped Zin.
Zin was greatly pleased with you.
You visited 2 branches of the dungeon, and saw 9 of its levels.

You collected 483 gold pieces.
You donated 48 gold pieces to Zin.

Inventory:

Hand Weapons
 e - a +0 long sword of holy wrath
 J - a +3 great sword
 L - a +2 war axe of flaming
 M - a +3 morningstar (weapon)
Missiles
 d - 5 boomerangs
 l - 4 datura-tipped darts
 A - 6 atropa-tipped darts
Armour
 a - a +0 robe
 c - a +0 chain mail
 o - a +0 helmet (worn)
 H - a +0 plate armour (worn)
Magical Staves
 q - a staff of air
Jewellery
 h - a +6 ring of intelligence (right hand)
 r - an amulet of magic regeneration (around neck)
 x - a ring of ice
 G - a ring of flight
 N - an amulet of faith
 Q - a ring of positive energy (left hand)
Wands
 k - a wand of iceblast (3)
 y - a wand of charming (12)
 F - a wand of acid (28)
 I - a wand of mindburst (10)
Scrolls
 m - 2 scrolls of blinking
 p - 2 scrolls of teleportation
 t - a scroll of amnesia {unknown}
 B - 2 scrolls of vulnerability
 D - a scroll of fear {unknown}
 E - a scroll of brand weapon
 K - a scroll of enchant weapon {unknown}
 R - a scroll of butterflies
Potions
 b - 3 potions of magic
 f - 7 potions of curing
 g - a potion of berserk rage {unknown}
 i - 3 potions of ambrosia {unknown}
 j - 2 potions of brilliance {unknown}
 s - 4 potions of heal wounds
 u - a potion of experience {unknown}
 v - a potion of invisibility {unknown}
 w - a potion of attraction {unknown}
 z - 2 potions of enlightenment {unknown}
 C - a potion of mutation {unknown}
 O - a potion of cancellation {unknown}
 P - a potion of might {unknown}


   Skills:
 - Level 9.3 Fighting
 + Level 6.2 Maces & Flails
 - Level 5.0 Armour
 - Level 1.3 Dodging
 - Level 1.4 Stealth
 - Level 4.4 Spellcasting
 - Level 5.0 Conjurations
 - Level 6.9 Earth Magic


You had 12 spell levels left.
You knew the following spells:

 Your Spells              Type           Power      Damage    Failure   Level
a - Sandblast             Erth           76%        2d16      1%          1
b - Stone Arrow           Conj/Erth      66%        3d11      8%          3
c - Magic Dart            Conj           100%       1d8       3%          1

Your spell library contained the following spells:

 Spells                   Type           Power      Damage    Failure   Level
 Passwall                 Erth           38%        N/A       5%          3
 Brom's Barrelling Bould  Conj/Erth      33%        2d5       26%         4
 Apportation              Tloc           10%        N/A       30%         1
 Blink                    Tloc           10%        N/A       41%         2
 Call Imp                 Summ           10%        N/A       41%         2
 Ensorcelled Hibernation  Hex/Ice        10%        N/A       41%         2
 Jinxbite                 Hex            10%        N/A       41%         2
 Petrify                  Alch/Erth      21%        N/A       58%         4
 Inner Flame              Hex/Fire       5%         N/A       65%         3
 Swiftness                Air            5%         N/A       65%         3
 Irradiate                Conj/Alch      8%         3d14      96%         5
 Alistair's Intoxication  Alch           3%         N/A       100%        5
 Ignition                 Fire           2%         3d3       100%        8


Dungeon Overview and Level Annotations

Branches:
Dungeon (8/15)             Temple (1/1) D:7            Lair (0/5) D:8

Altars:
Ashenzari
Cheibriados
Dithmenos
Elyvilon
Fedhas
Gozag
Hepliaklqana
Kikubaaqudgha
Makhleb
Okawaru
Qazlal
Ru
Sif Muna
Trog
Uskayaw
Vehumet
Wu Jian
Xom
Yredelemnul
Zin
The Shining One

Shops:
D:2 ?


Innate Abilities, Weirdness & Mutations

Your spellcasting is much less encumbered by armour.
You can use scrolls of enchantment on lesser artefacts.


Message History

You partially resist.
You feel drained. The wight freezes you.
You hit the wight.
The wight is moderately damaged.
The wight hits you but does no damage.
The wight hits you with a +5 halberd of freezing.
You partially resist.
You feel drained. The wight freezes you. The wight hits you but does no damage.
The wight hits you with a +2 mace. You partially resist.
You feel drained.
You closely miss the wight.
The wight is moderately damaged.
The wight hits you but does no damage. The wight barely misses you.
You puncture the wight!
The wight is severely damaged.
The wight barely misses you. The wight hits you but does no damage.
You barely miss the wight.
The wight is severely damaged.
The wight hits you but does no damage.
The wight hits you with a +5 halberd of freezing!
The wight freezes you.
* * * LOW HITPOINT WARNING * * *
You hit the wight.
The wight is severely damaged.
The wight hits you with a +2 mace.
* * * LOW HITPOINT WARNING * * *
The wight hits you with a +5 halberd of freezing.
* * * LOW HITPOINT WARNING * * *
You partially resist.
You feel drained. The wight freezes you.
* * * LOW HITPOINT WARNING * * *
You hit the wight.
The wight is almost destroyed.
The wight hits you with a +2 mace.
* * * LOW HITPOINT WARNING * * *
The wight hits you with a +5 halberd of freezing!
* * * LOW HITPOINT WARNING * * *
You partially resist.
You feel drained.
* * * LOW HITPOINT WARNING * * *
The wight freezes you.
* * * LOW HITPOINT WARNING * * *
The wight hits you with a +5 halberd of freezing.
You die...

...###........###.....
.......).....##)#..... .
..................... ..
#...#....#..........
.....##.#...###.........
.....#.....## #......#.
..........## #.....#.
......#..## #......
...#..@z$# ...... ..
#.z.#.)# ....
.......#..# ....
~~~...#......# ...
~~♣♣..#...##... o.. ♣
...#.... ...# . ~♣.
#.#... ... .. ~~~♣
..##... .. ..


You could see 2 wights.

Vanquished Creatures
  Psyche (D:8)
  A hornet (D:7)
  A wyvern (D:8)
  2 steam dragons (D:7)
  2 sky beasts (D:8)
  An ice beast (D:8)
  4 ogres
  A centaur (D:6)
  2 phantoms
  2 kobold brigands
  2 scorpions (D:5)
  22 wights
  7 electric eels (D:8)
  A bombardier beetle (D:5)
  2 jellies
  3 orc priests (D:6)
  2 hounds (D:5)
  3 iguanas
  Natasha (twice) (D:4)
  2 orc wizards
  Robin (D:3)
  5 adders
  7 gnolls (D:4)
  A shadow imp (D:6)
  6 ufetubi
  2 dart slugs
  A ribbon worm (D:2)
  14 orcs
  4 bats
  8 endoplasms
  A giant cockroach (D:2)
  20 goblins
  5 hobgoblins
  4 jackals (D:3)
  2 quokkas
  25 kobolds
  3 rats
172 creatures vanquished.

Vanquished Creatures (others)
  A hound (D:7)
1 creature vanquished.

Grand Total: 173 creatures vanquished

Notes
Turn   | Place    | Note
-------+----------+-------------------------------------------
     0 | D:1      | knightboat the Mountain Dwarf Earth Elementalist began the
                  | quest for the Orb.
     0 | D:1      | Reached XP level 1. HP: 14/14 MP: 3/3
   380 | D:1      | Reached XP level 2. HP: 20/20 MP: 1/5
   580 | D:1      | Found a glowing silver altar of Zin.
   884 | D:2      | Reached XP level 3. HP: 26/26 MP: 5/7
  1006 | D:2      | Found The Oracle's Delphic Readings.
  1084 | D:2      | Found a faded altar of an unknown god.
  1665 | D:3      | Reached XP level 4. HP: 28/33 MP: 3/9
  1859 | D:3      | Noticed Robin
  1870 | D:3      | Killed Robin
  2213 | D:3      | Found a glowing silver altar of Zin.
  2361 | D:3      | Found a burning altar of Makhleb.
  2361 | D:3      | Noticed a balrug
  2542 | D:3      | Found a hazy altar of Hepliaklqana.
  2542 | D:3      | Found a shimmering blue altar of Sif Muna.
  2614 | D:3      | Became a worshipper of Zin the Law-Giver
  2614 | D:3      | Reached * piety under Zin
  2656 | D:4      | Found a broken altar of Ashenzari.
  2746 | D:4      | Reached XP level 5. HP: 17/38 MP: 7/11
  2849 | D:4      | Noticed a phantom
  2855 | D:4      | Killed a phantom
  2856 | D:4      | Reached skill level 1 in Conjurations
  2993 | D:4      | Noticed Natasha
  2997 | D:4      | Killed Natasha
  2998 | D:4      | Reached XP level 6. HP: 32/45 MP: 9/12
  3080 | D:4      | Noticed Natasha
  3084 | D:4      | Killed Natasha
  3276 | D:4      | Reached ** piety under Zin
  3334 | D:4      | Reached skill level 5 in Earth Magic
  3336 | D:4      | Reached XP level 7. HP: 50/50 MP: 11/13
  3605 | D:4      | Learned a level 3 spell: Stone Arrow
  3607 | D:4      | Learned a level 1 spell: Magic Dart
  3654 | D:5      | Entered Level 5 of the Dungeon
  3735 | D:5      | Reached *** piety under Zin
  4538 | D:6      | Reached skill level 5 in Conjurations
  4538 | D:6      | Reached XP level 8. HP: 57/57 MP: 10/14
  4564 | D:6      | Reached skill level 1 in Fighting
  4564 | D:6      | Reached skill level 1 in Armour
  4664 | D:6      | Noticed a two-headed ogre
  4667 | D:6      | HP: 1/59 [two-headed ogre/+0 giant spiked club (11)]
  4667 | D:6      | Zin protects you from harm!
  4669 | D:6      | Zin protects you from harm!
  5207 | D:6      | Reached skill level 2 in Fighting
  5474 | D:6      | Reached skill level 3 in Fighting
  5647 | D:7      | Reached skill level 4 in Fighting
  5744 | D:7      | Reached **** piety under Zin
  5840 | D:7      | Noticed a hornet
  5844 | D:7      | Killed a hornet
  5845 | D:7      | Reached skill level 5 in Fighting
  5845 | D:7      | Reached skill level 5 in Armour
  5845 | D:7      | Reached XP level 9. HP: 71/75 MP: 6/15
  5908 | D:7      | Reached skill level 6 in Fighting
  5958 | D:7      | Reached skill level 7 in Fighting
  6211 | D:7      | Reached skill level 8 in Fighting
  6547 | D:7      | Found a bloodstained altar of Trog.
  6855 | D:7      | Found a staircase to the Ecumenical Temple.
  6859 | Temple   | Entered the Ecumenical Temple
  6899 | D:8      | Noticed Psyche
  6910 | D:8      | Killed Psyche
  6911 | D:8      | Reached skill level 9 in Fighting
  7255 | D:8      | Found a staircase to the Lair.
  7339 | D:8      | Reached skill level 5 in Maces & Flails
  7471 | D:8      | Reached XP level 10. HP: 69/91 MP: 10/16
  7626 | D:8      | HP: 4/84 [wight/+5 halberd of freezing (7)]
  7626 | D:8      | HP: 1/83 [wight/+5 halberd of freezing (2)]
  7626 | D:8      | Slain by a wight

Illustrated notes

Levels and vault maps discovered:
D:1:      dpeg_arrival_lava_altar, layout_basic
D:2:      layout_loops_ring, ebering_ecumenical_altar_sacrificial, minivault_27,
          nicolae_nh_oracle_at_delphi
D:3:      minmay_spotlight, layout_loops_ring, makhleb_altar_promises_db,
          lemuel_crystal_altar, gammafunk_temple_overflow_statue,
          chequers_serial_rivers_micro_d, minmay_door_square,
          serial_park_tiny_2, serial_park_tiny_pond, minmay_stone_trees_small,
          bh_walls_and_bars, uniq_robin
D:4:      layout_loops_cross, mainiacjoe_overflow_surrounded_room,
          minmay_misc_feat_tower, uniq_natasha
D:5:      layout_loops_cross
D:6:      layout_gridville, minivault_24, roderic_serpentine_path
D:7:      layout_loops_ring, lightli_temple_of_fire, temple_hall_moat,
          grunt_decor_mini_mirrors
D:8:      layout_cave_pools, nemelex_diamond_rough_becter, lair_entry_dummy,
          serial_bayou, serial_bayou_lake_a, serial_bayou_pond_a,
          serial_bayou_lagoon_b, serial_bayou_pond_b, uniq_psyche
Temple:   bh_familiar_temple

Skill      XL: |  1  2  3  4  5  6  7  8  9 10 |
---------------+-------------------------------+-----
Spellcasting   | 2 3 4 |  4.4
Conjurations   | 2 3 5 |  5.0
Earth Magic    | 4 5 6 |  6.9
Fighting       | 5 9 |  9.3
Armour         | 5 |  5.0
Maces & Flails | 5 6 |  6.2
Dodging        | |  1.3
Stealth        | |  1.4

Action                     |  1- 3 |  4- 6 |  7- 9 | 10-12 || total
---------------------------+-------+-------+-------+-------++-------
  Melee: Long sword        |     7 |    36 |    13 |       ||    56
         Great sword       |       |       |     3 |       ||     3
         Morningstar       |       |       |       |    11 ||    11
   Cast: Sandblast         |    42 |    70 |    89 |     5 ||   206
         Magic Dart        |       |       |    44 |       ||    44
         Stone Arrow       |       |       |    57 |     5 ||    62
  Evoke: Wand              |       |       |     2 |       ||     2
    Use: Potion            |       |       |     1 |       ||     1
         Scroll            |       |       |     7 |       ||     7
 Armour: Robe              |     1 |       |       |       ||     1
         Chain mail        |    14 |    91 |    32 |       ||   137
         Plate armour      |       |       |    80 |    34 ||   114
  Dodge: Dodged            |     6 |    17 |    19 |     4 ||    46

Table legend: (Time is in decaauts)
 A = Elapsed time spent in this place.
 B = Non-inter-level travel time spent in this place.
 C = Inter-level travel time spent in this place.
 D = Time resting spent in this place.
 E = Time spent auto-exploring this place.
 F = Levels seen in this place.
 G = Mean time per level.
                   A        B        C        D        E       F      G
               +--------+--------+--------+--------+--------+-----+--------+
         Total |   7732 |   7443 |    289 |    493 |   5912 |   9 |  859.1 |
       Dungeon |   7731 |   7442 |    289 |    493 |   5912 |   8 |  966.4 |
        Temple |      1 |      1 |      0 |      0 |      0 |   1 |    1.0 |
               +--------+--------+--------+--------+--------+-----+--------+

Top non-repeatable levels by time:
     D:7: 1289 daAuts
     D:6: 1274 daAuts
     D:3: 1091 daAuts
     D:4: 1041 daAuts
     D:2: 953 daAuts
     D:8: 729 daAuts
     D:5: 710 daAuts
     D:1: 640 daAuts
  Temple: 1 daAuts
